Map: Overgrown Facility

Players

BizMac - Winner!

  • Race: Terran Terran
  • Spawn Location: 3:00

ILIEKEGGPIE - Winner!

  • Race: Protoss Protoss
  • League: Platinum
  • Spawn Location: 1:00

TruckerSR

  • Race: Terran Terran
  • Spawn Location: 9:00

KereD

  • Race: Terran Terran
  • League: Platinum
  • Spawn Location: 7:00

VOD

Have the link to the VOD?

Description

Time

  • Played on: June 7, 2018, 5:20 p.m.
  • Length: 8:51
Show
View Real Time Build Order
Export as new Build Order

BizMac Terran - Winner!

Build Orders: MMM Bio 

Get SALT Encoding   

  12  0:02  SCV  
  14  0:14  SCV  
  14  0:20  Supply Depot  
  14  0:26  SCV  
  15  0:31  Refinery  
  15  0:45  Barracks  
  15  0:47  SCV  
  16  0:59  SCV  
  17  1:05  Supply Depot  
  18  1:11  SCV  
  18  1:23  SCV  
  19  1:33  Refinery  
  19  1:35  Reaper  
  20  1:42  Orbital Command  
  20  1:56  Barracks  
  20  2:05  Factory  
  20  2:08  SCV  
  21  2:12  Marine  
  22  2:20  SCV  
  24  2:45  Barracks Tech Lab  
  23  2:58  SCV  
  23  3:09  Command Center  
  23  3:10  SCV  
  24  3:21  Supply Depot  
  24  3:23  Starport  
  24  3:25  Stimpack  
  24  3:26  Barracks Tech Lab  
  24  3:30  Barracks, SCV  
  25  3:38  Engineering Bay  
  25  3:43  SCV  
  26  3:52  Engineering Bay  
  26  3:57  Combat Shields  
  26  4:03  Marauder  
  26  4:09  Starport Reactor  
  28  4:23  Orbital Command  
  28  4:32  SCV  
  28  4:34  Barracks Reactor  
  29  4:39  Barracks  
  29  4:43  Marauder, Marine  
  29  4:44  SCV  
  33  4:59  SCV  
  34  5:11  SCV  
  35  5:17  Marauder x2, Marine x2  
  41  5:21  Concussive Shells  
  41  5:23  SCV  
  41  5:27  Refinery  
  41  5:28  SCV  
  43  5:29  Refinery  
  43  5:34  Missile Turret  
  43  5:35  Marine x2  
  44  5:36  Missile Turret  
  44  5:40  SCV  
  46  5:43  Marine x3  
  49  5:51  Medivac  
  49  5:52  Medivac, SCV  
  54  6:07  Barracks Reactor  
  54  6:18  Supply Depot  
  54  6:22  Supply Depot  
  54  6:36  Terran Infantry Weapons Level 1  
  54  6:37  Terran Infantry Armor Level 1  
  54  6:39  Marine x2  
  57  6:40  Marauder x2, Supply Depot, SCV x2  
  58  6:52  SCV  
  47  6:57  Marine x4  
  53  7:01  Marauder x2  
  53  7:07  Medivac x2  
  59  7:15  Marine x4  
  62  7:22  Marine  
  66  7:23  Marauder  
  65  7:33  Marine  
  66  7:41  Marauder  
  66  7:44  Marauder, Marine x3  
  71  7:51  Marine  
  74  7:55  Armory  
  74  7:56  Command Center  
  74  8:01  Marine x2  
  74  8:02  Marauder  
  78  8:27  Supply Depot  
  86  8:50  Supply Depot x2  
Show
View Real Time Build Order
Export as new Build Order

ILIEKEGGPIE Protoss - Winner!

Build Orders: Oracle Opening 

Get SALT Encoding   

  12  0:01  Probe  
  13  0:13  Probe  
  14  0:18  Pylon  
  14  0:24  Probe  
  15  0:33  Probe  
  15  0:40  Gateway  
  15  0:41  Probe  
  17  0:50  Assimilator  
  17  0:56  Assimilator  
  17  1:02  Probe  
  18  1:14  Probe  
  19  1:20  Pylon  
  19  1:26  Probe  
  19  1:27  Cybernetics Core  
  20  1:38  Probe  
  21  1:50  Probe  
  22  2:02  Probe  
  22  2:05  Stargate  
  23  2:08  Warp Gate  
  23  2:09  Stalker  
  23  2:14  Probe  
  26  2:25  Pylon  
  26  2:39  Oracle  
  26  2:43  Gateway  
  28  2:55  Stalker  
  30  3:03  Pylon  
  30  3:09  Probe  
  31  3:21  Probe  
  31  3:25  Stalker  
  34  3:29  Oracle  
  35  3:58  Nexus  
  35  4:04  Oracle  
  38  4:10  Robotics Facility  
  38  4:53  Pylon  
  38  4:58  Pylon  
  30  5:29  Observer  
  30  5:32  Stalker x2  
  35  5:40  Pylon  
  32  5:49  Gateway  
  32  5:51  Probe x2  
  32  5:53  Pylon  
  32  5:55  Pylon  
  34  6:00  Probe  
  34  6:03  Probe  
  36  6:08  Probe  
  36  6:15  Probe  
  41  6:27  Stalker, Probe  
  41  6:28  Stalker  
  44  6:58  Immortal  
  42  7:04  Gateway  
  42  7:05  Gateway  
  42  7:06  Pylon  
  42  7:08  Pylon  
  42  7:15  Pylon  
  42  7:16  Pylon  
  38  7:44  Pylon  
  38  7:45  Pylon, Probe x2  
  38  7:49  Gateway  
  38  7:50  Gateway  
  40  7:57  Probe  
  41  8:35  Gateway  
  41  8:37  Gateway  
  39  8:45  Stalker x3  
Show
View Real Time Build Order
Export as new Build Order

TruckerSR Terran 

Build Orders: 1/1/1 

Get SALT Encoding   

  12  0:02  SCV  
  13  0:19  Supply Depot, SCV  
  14  0:30  Refinery  
  14  0:31  SCV  
  15  0:43  Barracks  
  15  0:47  SCV  
  16  0:57  Refinery  
  16  0:59  SCV  
  17  1:11  SCV  
  18  1:23  SCV  
  19  1:33  Factory  
  19  1:41  Orbital Command, Barracks Reactor  
  19  2:14  SCV  
  20  2:17  Marine x2  
  22  2:29  Starport  
  22  2:45  Factory Tech Lab  
  22  2:46  Marine  
  22  2:47  Marine  
  24  2:51  SCV  
  25  3:07  Medivac  
  25  3:08  Siege Tank  
  30  3:19  Marine  
  31  3:49  Engineering Bay  
  31  3:51  Supply Depot  
  31  4:00  Liberator  
  31  4:13  Marine x2, Siege Tank  
  39  4:25  Missile Turret x2  
  39  4:30  Marine x2  
  41  4:35  Terran Infantry Weapons Level 1  
  40  4:50  Liberator  
  39  4:53  Marine  
  39  4:54  Marine  
  39  4:57  Siege Tank  
  44  5:12  Marine x2  
  42  5:31  Marine x2  
  42  5:32  Siege Tank  
  47  5:56  Supply Depot  
  47  6:17  Marine x2  
  47  6:18  SCV  
  49  6:30  SCV  
  50  6:35  Marine  
  50  6:42  Marine  
  50  6:43  Siege Tank  
  40  7:01  Marine x2  
  41  7:13  Medivac  
  43  7:18  Marine  
  43  7:19  Marine  
  34  7:36  Marine  
  33  7:37  Marine  
  33  7:38  Siege Tank  
  37  7:45  Medivac  
  39  7:54  Marine  
  39  8:01  Marine  
  39  8:02  SCV  
Show
View Real Time Build Order
Export as new Build Order

KereD Terran 

Build Orders:  

Get SALT Encoding   

  12  0:01  SCV  
  13  0:15  SCV  
  14  0:22  Supply Depot  
  14  0:27  SCV  
  15  0:34  Refinery  
  15  0:44  SCV  
  15  0:49  Barracks  
  16  0:56  SCV  
  17  1:03  Refinery  
  17  1:08  SCV  
  18  1:20  SCV  
  19  1:32  SCV  
  20  1:41  Factory  
  20  1:42  Marine  
  20  1:44  SCV  
  22  1:53  Supply Depot  
  22  1:56  SCV  
  23  2:15  SCV  
  24  2:26  Factory Tech Lab  
  23  2:38  Marine  
  23  2:43  Starport  
  23  3:19  Starport  
  23  3:25  Starport Tech Lab  
  23  3:27  Factory Tech Lab  
  17  3:53  Marine  
  18  4:05  Viking  
  18  4:09  Banshee  
  23  4:13  Cloaking Field  
  16  5:02  Orbital Command  
  7  5:53  SCV  
  8  6:08  SCV  
  9  6:25  Engineering Bay  
  9  6:54  SCV  
  10  7:06  SCV  
  11  7:09  Banshee  
  14  7:18  SCV  
  12  7:38  SCV  
  13  7:50  SCV  
  13  8:02  SCV  
  11  8:15  SCV  
  12  8:31  SCV  
  13  8:38  Missile Turret  
Tags
 
Add a new tag
Caveats
  • Supply blocks, unpowered buildings, or Contaminate may cause inaccurate times.
  • Supply counts are checked every 10 seconds.